 Dungeon Crawl Stone Soup version 0.31-a0-1529-g7bd419a0e5 (webtiles) character file.

Game seed: 9622940230660301569

9921 Dirtsage the Mimic (level 11, -16/74 HPs)
             Began as an Octopode Shapeshifter on Dec 31, 2023.
             Was a Believer of the Shining One.
             Demolished by a boulder beetle (23 damage)
             ... on level 9 of the Dungeon.
             The game lasted 00:14:07 (7609 turns).

Dirtsage the Mimic (Octopode Shapeshifter)          Turns: 7609, Time: 00:14:08

Health: -16/74     AC:  1    Str: 13    XL:     11   Next: 54%
Magic:  0/11       EV: 17    Int: 24    God:    the Shining One [**....]
Gold:   625        SH:  0    Dex: 17    Spells: 10/10 levels left

rFire   . .          .
                       - Unarmed
rCold   . . .        (no shield)
rNeg    + . .        (helmet restricted)
rPois   .            o - amulet of guardian spirit
rElec   .            k - ring of willpower
rCorr   .            x - +6 ring of intelligence
SInv    .            E - +6 ring of intelligence
Will    +....        (no ring)
Stlth   +            (no ring)
HPRegen 0.32/turn    (no ring)
MPRegen 0.12/turn    (no ring)
                     (no ring)

%: guardian spirit
@: maw-form, glowing
A: devouring maw, almost no armour, amphibious, 8 rings, camouflage 1,
gelatinous body 1, (nimble swimmer 1), tentacles
a: Begin Untransformation, Renounce Religion, Divine Shield


You were on level 9 of the Dungeon.
You worshipped the Shining One.
The Shining One was pleased with you.
You were a creature with a mouth for a stomach.
You visited 2 branches of the dungeon, and saw 10 of its levels.
You also visited: Bailey.

You collected 625 gold pieces.

Inventory:

Missiles
 w - a throwing net
 G - 6 curare-tipped darts
Magical Staves
 l - a staff of alchemy
Jewellery
 k - a ring of willpower (left tentacle)
 n - a ring of fire
 o - an amulet of guardian spirit (around mantle)
 q - a ring of fire
 x - a +6 ring of intelligence (right tentacle)
 E - a +6 ring of intelligence (on tentacle)
Talismans
 b - a beast talisman
 c - a flux talisman
 f - a beast talisman
 D - a maw talisman (active)
Wands
 y - a wand of paralysis (8)
 A - a wand of polymorph (7)
 F - a wand of flame (18)
Scrolls
 e - 3 scrolls of enchant armour
 g - 2 scrolls of fear
 h - 3 scrolls of revelation
 j - a scroll of vulnerability
 m - a scroll of immolation
 p - 3 scrolls of poison
 s - a scroll of fog
 t - 3 scrolls of teleportation
 z - a scroll of amnesia
 B - 2 scrolls of blinking
 C - a scroll of noise
 H - a scroll of enchant weapon {unknown}
Potions
 a - a potion of lignification
 d - 2 potions of might
 r - 2 potions of attraction
 u - 3 potions of brilliance
 v - a potion of magic
 I - 2 potions of haste {unknown}
 J - a potion of cancellation


   Skills:
 + Level 6.9 Fighting
 + Level 7.1 Dodging
 + Level 7.4 Unarmed Combat
 * Level 12.8 Shapeshifting


You had 10 spell levels left.
You didn't know any spells.
Your spell library contained the following spells:

 Spells                   Type           Power      Damage    Failure   Level
 Slow                     Hex            0%         N/A       14%         1
 Sublimation of Blood     Necr           0%         N/A       22%         2
 Confusing Touch          Hex            0%         N/A       41%         3
 Sigil of Binding         Hex            0%         N/A       41%         3
 Vampiric Draining        Necr           0%         2d6       41%         3
 Petrify                  Alch/Erth      0%         N/A       82%         4
 Alistair's Intoxication  Alch           0%         N/A       99%         5
 Borgnjor's Vile Clutch   Necr/Erth      0%         N/A       99%         5
 Irradiate                Conj/Alch      0%         3d11      99%         5
 Eringya's Noxious Bog    Alch           0%         4d6       100%        6


Dungeon Overview and Level Annotations

Branches:
Dungeon (9/15)             Temple (1/1) D:4          Bailey (visited)
   Lair: D:8-11         Orc: D:9-12

Altars:
Ashenzari
Cheibriados
Dithmenos
Elyvilon
Fedhas
Gozag
Hepliaklqana
Kikubaaqudgha
Makhleb
Nemelex Xobeh
Okawaru
Qazlal
Ru
Sif Muna
Trog
Uskayaw
Vehumet
Wu Jian
Xom
Yredelemnul
Zin
The Shining One

Annotations:
D:3 1 runed translucent door, Crazy Yiuf
D:6 Dowan, Duvessa


Innate Abilities, Weirdness & Mutations

You are a creature with a mouth for a stomach.
Your midsection houses a second, enormous mouth.
You cannot wear most types of armour.
You are amphibious.
You can wear up to eight rings at the same time.
Your skin changes colour to match your surroundings (Stealth+).
Your rubbery body absorbs attacks. (AC +1, EV +1)
((You are camouflaged when in or above water. (Stealth+)))
You have tentacles for arms and can constrict up to eight enemies at once.


Message History

The boulder beetle bites you!!
You take 20 damage, and have 43/74 hp.
MASSIVE DAMAGE!!
You now have 7/11 mp.
You tentacle-slap the boulder beetle but do no damage.
You bite the boulder beetle, but do no damage.
The boulder beetle is moderately wounded.
A killer bee comes into view.
The boulder beetle bites you!!
You take 19 damage, and have 24/74 hp.
MASSIVE DAMAGE!!
You now have 4/11 mp.
The killer bee buzzes angrily.
You tentacle-slap the boulder beetle but do no damage.
You bite the boulder beetle.
The boulder beetle is moderately wounded.
You hear a shout!
An orc wizard comes into view. It is wielding a +0 dagger.
The boulder beetle completely misses you.
The killer bee buzzes angrily.
You tentacle-slap the boulder beetle but do no damage.
You squeeze the boulder beetle, but do no damage.
You bite the boulder beetle, but do no damage.
The boulder beetle is moderately wounded.
You hear an angry buzzing noise.
A killer bee comes into view. x2
The boulder beetle bites you!
* * * LOW HITPOINT WARNING * * *
You take 12 damage, and have 12/74 hp.
You now have 2/11 mp.
The killer bee buzzes angrily.
You tentacle-slap the boulder beetle but do no damage.
You squeeze the boulder beetle, but do no damage.
The boulder beetle is moderately wounded.
The boulder beetle bites you.
* * * LOW HITPOINT WARNING * * *
You take 5 damage, and have 7/74 hp.
You now have 1/11 mp.
You bludgeon the boulder beetle!
You bite the boulder beetle, but do no damage.
The boulder beetle is moderately wounded.
You bludgeon the boulder beetle!
You bite the boulder beetle, but do no damage.
The boulder beetle is heavily wounded.
The boulder beetle bites you!!
You die...

#....... ......
#....... ......
#....... ......#
#....... ...y...
#....... ...yy..
#....... y......
#.......
...o.>.####
#.......
......yBW.#
#...##.......
......###.#
#...##.......
..... #.#
#...#########
.... #.# #...#
..#.#####.#
#...# #
#.#.....# #...#
#.#.#######...##
##
#.#............#
#.
#...#######....#
#.


You could see a boulder beetle, 4 killer bees and an orc wizard.

Vanquished Creatures
  An orc warlord (Bailey)
  An orc knight (Bailey)
  Grinder (D:3)
  2 wyverns (D:8)
  Eustachio (D:6)
  2 water moccasins
  An ice beast (D:7)
  2 sky beasts
  3 orc warriors
  5 black bears
  A centaur (D:7)
  2 ogres (D:5)
  2 phantoms
  2 kobold brigands (D:8)
  3 bullfrogs
  Blork the orc (D:4)
  A scorpion (D:6)
  6 killer bees
  4 howler monkeys
  3 bombardier beetles
  2 hounds
  3 orc priests
  A sleepcap (D:7)
  Ijyb (D:4)
  6 orc wizards
  Natasha (D:3)
  3 iguanas
  Terence (D:3)
  5 gnolls
  8 adders
  5 shadow imps
  A white imp (D:5)
  2 dart slugs
  2 ribbon worms
  20 orcs
  13 endoplasms
  A giant cockroach (D:1)
  11 goblins
  7 hobgoblins
  5 jackals (D:2)
  22 kobolds
  2 quokkas
  4 ball pythons
  4 bats
  2 frilled lizards
  4 rats
180 creatures vanquished.

Notes
Turn   | Place    | Note
-------+----------+-------------------------------------------
     0 | D:1      | Dirtsage the Octopode Shapeshifter began the quest for the
                  | Orb.
     0 | D:1      | Reached XP level 1. HP: 13/13 MP: 1/1
   117 | D:1      | Reached XP level 2. HP: 18/18 MP: 2/2
   253 | D:1      | Found a faded altar of an unknown god.
   510 | D:2      | Reached XP level 3. HP: 20/23 MP: 3/3
   547 | D:2      | Identified the +10 spear "Raekeagi" {elec, Fly Str+3 Dex+3}
   927 | D:2      | Reached XP level 4. HP: 29/29 MP: 4/4
  1175 | D:3      | Noticed Grinder
  1188 | D:3      | Paralysed by Grinder for 5 turns
  1196 | D:3      | Killed Grinder
  1197 | D:3      | Reached skill level 4 in Shapeshifting
  1197 | D:3      | Reached XP level 5. HP: 3/35 MP: 0/5
  1197 | D:3      | Reached XP level 6. HP: 4/41 MP: 0/6
  1680 | D:3      | Found a shadowy altar of Dithmenos.
  1680 | D:3      | Found a white marble altar of Elyvilon.
  1729 | D:3      | Reached skill level 5 in Shapeshifting
  1743 | D:3      | Became a worshipper of Elyvilon the Healer
  1957 | D:3      | Noticed Terence
  1966 | D:3      | Killed Terence
  1967 | D:3      | Reached XP level 7. HP: 27/46 MP: 3/7
  2228 | D:3      | Found a runed translucent door.
  2229 | D:3      | Noticed Crazy Yiuf
  2254 | D:3      | Noticed Natasha
  2267 | D:3      | Killed Natasha
  2488 | D:4      | Reached * piety under Elyvilon
  2713 | D:4      | Noticed Ijyb
  2726 | D:4      | Paralysed by Ijyb for 3 turns
  2736 | D:4      | Killed Ijyb
  2765 | D:4      | Noticed Blork the orc
  2772 | D:4      | Killed Blork the orc
  2852 | D:4      | Found a staircase to the Ecumenical Temple.
  2862 | Temple   | Entered the Ecumenical Temple
  3052 | D:4      | Reached XP level 8. HP: 49/54 MP: 5/8
  3086 | D:4      | Reached skill level 5 in Unarmed Combat
  3086 | D:4      | Reached skill level 6 in Shapeshifting
  3359 | D:5      | Entered Level 5 of the Dungeon
  3617 | D:5      | Reached ** piety under Elyvilon
  4645 | D:5      | Reached *** piety under Elyvilon
  4663 | D:5      | Found a sacrificial altar of Ru.
  4693 | D:5      | Found a glowing golden altar of the Shining One.
  4709 | D:5      | Fell from the grace of Elyvilon
  4709 | D:5      | Became a worshipper of the Shining One
  4709 | D:5      | Reached * piety under the Shining One
  4741 | D:6      | Reached skill level 5 in Dodging
  4873 | D:6      | Noticed Eustachio
  4895 | D:6      | Killed Eustachio
  4896 | D:6      | Reached skill level 7 in Shapeshifting
  4899 | D:6      | Reached XP level 9. HP: 41/60 MP: 7/9
  5002 | D:6      | Found an opulent altar of Gozag.
  5029 | D:6      | Reached skill level 5 in Fighting
  5416 | D:6      | Noticed Dowan
  5419 | D:6      | Noticed Duvessa
  5494 | D:7      | Found a shimmering blue altar of Sif Muna.
  6208 | D:7      | Reached skill level 8 in Shapeshifting
  6642 | D:8      | Reached XP level 10. HP: 50/68 MP: 7/10
  6800 | D:8      | Found a flagged portal.
  6825 | Bailey   | Entered a bailey
  6830 | Bailey   | Noticed an orc warlord
  6881 | Bailey   | Reached ** piety under the Shining One
  6949 | Bailey   | Found a runed translucent gate.
  6952 | Bailey   | Found a runed translucent gate.
  6954 | Bailey   | Found a runed translucent gate.
  6961 | Bailey   | Noticed an orc knight
  6978 | Bailey   | Killed an orc knight
  6979 | Bailey   | Reached skill level 9 in Shapeshifting
  7059 | Bailey   | Killed an orc warlord
  7121 | Bailey   | Identified the +3 hand axe "Ziraidua" {flame, ^Fragile rF+
                  | Dex+3}
  7132 | Bailey   | Identified the +2 trident "Kuzel" {antimagic, rF+ Will+
                  | Int+3 Dex+3}
  7266 | D:8      | Reached skill level 12 in Shapeshifting
  7266 | D:8      | Reached XP level 11. HP: 65/74 MP: 8/11
  7598 | D:9      | Noticed a boulder beetle
  7609 | D:9      | Demolished by a boulder beetle

Illustrated notes

Levels and vault maps discovered:
D:1:      dpeg_arrival_stone_temple_mockup, layout_rooms,
          dreamdust_ecumenical_altar_angels_and_demons
D:2:      layout_rooms
D:3:      layout_basic, jmf_multi_god_temple, uniq_natasha, uniq_terence,
          uniq_grinder, uniq_crazy_yiuf_cottage
D:4:      layout_rooms, minmay_temple_entry_hall, roderic_lattice_a,
          uniq_blork_the_orc, uniq_ijyb
D:5:      layout_layer_cave, mainiacjoe_overflow_two_lobes, hex_tiny,
          minmay_tree_intersection
D:6:      layout_gridville, grunt_gozag_breadcrumbs, minmay_strange_pillars,
          uniq_eustachio, uniq_duvessa, uniq_menkaure
D:7:      layout_gridville, kennysheep_mini
D:8:      layout_rooms, enter_bailey_5
D:9:      layout_basic, lair_entry_dummy, kennysheep_kite_vault
Temple:   kb_temple_of_zot

Skill      XL: |  1  2  3  4  5  6  7  8  9 10 |
---------------+-------------------------------+-----
Fighting       | 2 3 4 6 |  6.9
Dodging        | 3 4 5 6 7 |  7.1
Unarmed Combat | 4 5 6 7 |  7.4
Shapeshifting  | 4 5 7 8 12 | 12.8

Action                     |  1- 3 |  4- 6 |  7- 9 | 10-12 || total
---------------------------+-------+-------+-------+-------++-------
  Melee: Unarmed           |    61 |    80 |   250 |    90 ||   481
         Constrict         |    10 |    26 |    57 |    29 ||   122
         Tentacles         |    14 |    20 |    73 |    29 ||   136
         Punch             |     1 |     2 |     1 |     6 ||    10
         Maw               |       |       |       |    17 ||    17
  Evoke: Wand              |       |       |       |     3 ||     3
    Use: Potion            |       |     3 |       |     4 ||     7
         Scroll            |       |       |    11 |     4 ||    15
   Stab: Sleeping          |     4 |     2 |     1 |       ||     7
 Armour: Skin              |    18 |    31 |    96 |    25 ||   170
  Dodge: Dodged            |    25 |    32 |   187 |    59 ||   303
   Form: Flux              |       |       |     1 |       ||     1
         Maw               |       |       |       |     1 ||     1

Table legend: (Time is in decaauts)
 A = Elapsed time spent in this place.
 B = Non-inter-level travel time spent in this place.
 C = Inter-level travel time spent in this place.
 D = Time resting spent in this place.
 E = Time spent auto-exploring this place.
 F = Levels seen in this place.
 G = Mean time per level.
                   A        B        C        D        E       F      G
               +--------+--------+--------+--------+--------+-----+--------+
         Total |   7559 |   7321 |    238 |    126 |   5673 |  11 |  687.2 |
       Dungeon |   7149 |   6911 |    238 |    126 |   5478 |   9 |  794.3 |
        Temple |      3 |      3 |      0 |      0 |      0 |   1 |    3.0 |
        Bailey |    406 |    406 |      0 |      0 |    195 |   1 |  406.0 |
               +--------+--------+--------+--------+--------+-----+--------+

Top non-repeatable levels by time:
     D:5: 1459 daAuts
     D:3: 1356 daAuts
     D:4: 905 daAuts
     D:7: 851 daAuts
     D:8: 684 daAuts
     D:2: 658 daAuts
     D:6: 596 daAuts
     D:1: 455 daAuts
  Bailey: 406 daAuts
     D:9: 183 daAuts
  Temple: 3 daAuts
